AoeStats
← naphtaligrauer16

Arena

510403833Analyzed
4v4 RM · 2d ago on Sep 30, 2026· 43m 22s· 8 players
Game mode
Random Map
Map size
Large (8 player)
Population
200
Speed
Normal
Resources
Standard
Victory
Conquest
Starting age
Dark Age
Ending age
Imperial Age
RankedLock teamsTeams togetherTeam positionsShared explorationLock speedFull tech treeHidden civsTurbo modeCheats
Victory
Defeat
🇩🇪 Celts · Germany
1778
+13
🇵🇪 Chinese · Peru
1769
+13
🇺🇦 Italians · Ukraine
1722
+15
🇩🇪 Inca · Germany
1658
+18
🇮🇹 Aztecs · Italy
1775
-17
🇺🇸 Khitans · United States
1761
-17
🇮🇹 Britons · Italy
1705
-15
🇮🇹 Persians · Italy
1583
-10
ArabiaHaterNr.1
10:34 Feudal Age
11:58 Double-Bit Axe
14:26 Castle Age
12:46 Horse Collar
15:37 Bow Saw
15:41 Heavy Plow
19:52 Wheelbarrow
22:27 Hand Cart
22:18 Gold Mining
24:18 Gold Shaft Mining
24:12 Town Watch
24:39 Loom
27:56 Imperial Age
25:58 Scale Mail Armor
27:30 Ballistics
28:05 Capped Ram
28:54 Siege Engineers
29:50 Chemistry
29:02 Furor Celtica
29:31 Siege Ram
30:15 Heavy Scorpion
31:57 Masonry
35:34 Coinage
36:45 Banking
37:04 Stone Mining
lxnmnk Trade | B | S
10:32 Feudal Age
10:43 Loom
11:54 Double-Bit Axe
14:50 Castle Age
12:51 Horse Collar
15:42 Bow Saw
15:34 Heavy Plow
16:32 Wheelbarrow
21:36 Hand Cart
21:26 Heavy Plow
22:02 Gold Mining
26:38 Imperial Age
24:08 Fletching
24:39 Ballistics
24:58 Padded Archer Armor
25:13 Bodkin Arrow
24:50 Elite Skirmisher
25:54 Thumb Ring
26:10 Leather Archer Armor
25:49 Loom
25:53 Town Watch
28:24 Chemistry
28:13 Crop Rotation
28:09 Bracer
28:56 Ring Archer Armor
32:31 Crop Rotation
34:18 Coinage
34:05 Scale Barding Armor
34:10 Forging
35:06 Chain Barding Armor
34:08 Cavalier
34:58 Bloodlines
34:48 Husbandry
35:28 Guilds
37:10 Two-Man Saw
37:30 Plate Barding Armor
39:46 Stone Mining
43:04 Hoardings
42:50 Conscription
noru
0:27 Loom
10:44 Feudal Age
14:55 Castle Age
13:45 Double-Bit Axe
15:12 Light Cavalry
16:46 Husbandry
17:00 Bow Saw
19:08 Horse Collar
21:10 Wheelbarrow
23:23 Stone Mining
24:07 Gold Mining
25:31 Stone Shaft Mining
25:32 Gold Shaft Mining
25:44 Hand Cart
27:05 Fletching
27:15 Padded Archer Armor
29:49 Imperial Age
27:44 Scale Mail Armor
28:29 Heavy Plow
28:32 Squires
28:18 Arson
28:42 Bodkin Arrow
29:14 Padded Archer Armor
29:34 Ballistics
29:10 Crossbowman
29:56 Thumb Ring
29:55 Arbalester
30:37 Bracer
31:19 Conscription
31:07 Guard Tower
31:55 Leather Archer Armor
32:49 Chemistry
32:10 Great Wall
33:09 Forging
34:12 Keep
34:28 Chain Mail Armor
34:48 Iron Casting
35:36 Two-Man Saw
38:23 Plate Mail Armor
38:30 Ring Archer Armor
38:56 Elite Skirmisher
40:47 Murder Holes
41:02 Masonry
40:39 Arrowslits
naphtaligrauer16
10:29 Feudal Age
14:04 Castle Age
11:55 Double-Bit Axe
12:50 Horse Collar
16:07 Bow Saw
16:06 Heavy Plow
17:31 Loom
21:06 Wheelbarrow
23:38 Wheelbarrow
22:51 Town Watch
23:45 Gold Mining
23:46 Stone Mining
25:06 Gold Shaft Mining
25:15 Hand Cart
27:50 Scale Mail Armor
28:00 Forging
31:26 Imperial Age
29:49 Chain Mail Armor
30:09 Iron Casting
30:53 Stone Shaft Mining
32:08 Fabric Shields
32:02 Elite Kamayuk
34:02 Plate Mail Armor
34:32 Blast Furnace
35:00 Conscription
OS+ | Marco Masini
11:07 Feudal Age
12:02 Domestication
14:50 Castle Age
12:56 Double-Bit Axe
15:53 Bow Saw
15:43 Pastoralism
17:12 Loom
22:15 Wheelbarrow
22:38 Stone Mining
22:52 Gold Mining
28:16 Imperial Age
26:32 Fortified Wall
26:03 Treadmill Crane
26:55 Scale Mail Armor
27:35 Forging
27:46 Hand Cart
29:22 Conscription
30:06 Fletching
30:34 Chain Mail Armor
31:16 Heavy Rocket Cart
31:28 Man-at-Arms
31:54 Gambesons
32:10 Squires
33:02 Plate Mail Armor
32:10 Long Swordsman
32:51 Two-Handed Swordsman
34:10 Siege Engineers
34:26 Ballistics
35:07 Iron Casting
34:42 Champion
37:04 Bodkin Arrow
Dott_Berlu
10:49 Feudal Age
14:33 Castle Age
13:06 Double-Bit Axe
13:02 Horse Collar
15:57 Bow Saw
15:47 Heavy Plow
16:49 Wheelbarrow
21:55 Hand Cart
23:33 Gold Mining
27:56 Imperial Age
25:14 Loom
25:50 Squires
25:30 Man-at-Arms
27:47 Gold Shaft Mining
26:36 Long Swordsman
27:02 Gambesons
27:18 Scale Mail Armor
28:03 Arson
28:34 Chain Mail Armor
28:00 Capped Ram
28:03 Two-Handed Swordsman
29:57 Plate Mail Armor
30:14 Forging
29:52 Champion
31:12 Siege Ram
33:29 Iron Casting
34:47 Siege Engineers
35:06 Stone Mining
37:07 Blast Furnace
36:29 Conscription
36:31 Garland Wars
36:20 Pikeman
38:37 Stone Mining
39:34 Caravan
40:04 Coinage
40:30 Stone Shaft Mining
42:06 Fortified Wall
42:17 Ballistics
44:12 Chemistry
43:04 Fletching
Apo
6:10 Loom
10:54 Feudal Age
14:17 Castle Age
12:50 Double-Bit Axe
13:27 Horse Collar
16:37 Light Cavalry
21:37 Bow Saw
22:00 Husbandry
23:28 Heavy Plow
25:18 Wheelbarrow
26:56 Loom
28:06 Hand Cart
30:28 Imperial Age
28:12 Bloodlines
28:57 Scale Barding Armor
29:14 Gold Mining
30:31 Chain Barding Armor
30:38 Forging
30:32 Cavalier
31:59 Gold Shaft Mining
32:07 Plate Barding Armor
32:19 Crop Rotation
31:51 Stone Mining
33:25 Savar
36:04 Chemistry
35:16 Forging
36:40 Padded Archer Armor
GdR_Scugo
9:43 Feudal Age
13:40 Castle Age
12:22 Horse Collar
12:57 Double-Bit Axe
13:40 Gold Mining
18:09 Wheelbarrow
21:15 Fletching
22:20 Stone Mining
23:09 Bodkin Arrow
29:18 Imperial Age
27:57 Padded Archer Armor
29:17 Ballistics
29:33 Hand Cart
30:14 Bracer
31:20 Chemistry
30:06 Elite Longbowman
31:10 Conscription
32:13 Leather Archer Armor
32:54 Yeomen
33:50 Ring Archer Armor
33:58 Masonry
38:19 Treadmill Crane
39:10 Architecture
40:40 Siege Engineers
41:51 Elite Skirmisher
Connection lost

Rejoining the realm…

Still unreachable

The connection could not be restored.

Session expired

The server has moved on; the page needs a fresh start.